 Dungeon Crawl Stone Soup version 0.29-a0-1052-g6990b1bffc (webtiles) character file.

Game seed: 8437008481749582211

697 kae the Firebug (level 7, -2/36 HPs)
             Began as a Deep Elf Fire Elementalist on Aug 17, 2022.
             Slain by Edmund
             ... wielding a +2 vorpal dire flail
              (10 damage)
             ... on level 5 of the Dungeon.
             The game lasted 00:04:05 (5007 turns).

kae the Firebug (Deep Elf Fire Elementalist)        Turns: 5007, Time: 00:04:06

Health: -2/36      AC:  6    Str:  5    XL:     7   Next: 37%
Magic:  8/17       EV: 12    Int: 22    God:
Gold:   169        SH:  0    Dex: 15    Spells: 11/17 levels left

rFire   . . .      SeeInvis .   (no weapon)
rCold   . . .      Faith    .   (no shield)
rNeg    + . .      Spirit   .   a - +0 robe
rPois   .          Reflect  .   o - +2 hat
rElec   .          Harm     .   e - +1 cloak
rCorr   .          Rampage  .   (no gloves)
Will    .....                   (no boots)
Stlth   ++........              g - amulet of regeneration
HPRegen 0.92/turn               N - ring of positive energy
MPRegen 0.15/turn               (no ring)

@: no status effects
A: no striking features
a: no special abilities


You were on level 5 of the Dungeon.
You visited 2 branches of the dungeon, and saw 6 of its levels.

You collected 169 gold pieces.


   Skills:
 - Level 2.4 Dodging
 - Level 2.4 Stealth
 + Level 5.5 Spellcasting
 * Level 5.6 Conjurations
 * Level 6.5 Fire Magic


You had 11 spell levels left.
You knew the following spells:

 Your Spells              Type           Power      Damage    Failure   Level
a - Foxfire               Conj/Fire      100%       2x1d9     1%          1
b - Scorch                Fire           70%        2d8       1%          2
c - Conjure Flame         Conj/Fire      32%        6-21      2%          3

Your spell library contained the following spells:

 Spells                   Type           Power      Damage    Failure   Level
 Inner Flame              Hex/Fire       20%        N/A       8%          3
 Flame Wave               Conj/Fire      32%        2d9       8%          4
 Gell's Gravitas          Tloc           6%         N/A       28%         3
 Teleport Other           Tloc           6%         N/A       28%         3
 Dispersal                Tloc           3%         N/A       100%        6

Inventory:

Missiles
 c - 38 stones
 j - 2 atropa-tipped darts
 n - 2 poisoned darts
Armour
 a - a +0 robe (worn)
 e - a +1 cloak (worn)
   (You found it on level 1 of the Dungeon)
 o - a +2 hat (worn)
   (You found it on level 3 of the Dungeon)
Jewellery
 g - an amulet of regeneration (around neck)
   (You found it on level 4 of the Dungeon)
 A - an amulet of the acrobat
   (You found it on level 1 of the Dungeon)
 N - a ring of positive energy (left hand)
   (You found it on level 3 of the Dungeon)
Wands
 p - a wand of quicksilver (8)
   (You took it off Natasha on level 4 of the Dungeon)
Potions
 b - a potion of magic
 d - 2 potions of lignification {!q}
 f - a potion of ambrosia
 h - 4 potions of curing {@q1}
 i - 2 potions of might
 k - 2 potions of mutation {unknown}
 l - 2 potions of heal wounds {unknown}
 m - 2 potions of attraction {unknown}
 r - a potion of brilliance {unknown}

Dungeon Overview and Level Annotations

Branches:
Dungeon (5/15) Zot: 25040  Temple (1/1) D:4 Zot: 5952

Altars:
Ashenzari
Dithmenos
Elyvilon
Gozag
Hepliaklqana
Kikubaaqudgha
Makhleb
Nemelex Xobeh
Okawaru
Qazlal
Ru
Sif Muna
Uskayaw
Wu Jian
Yredelemnul
The Shining One

Shops:
D:4 [

Annotations:
D:5 Edmund

#### ...
##.. ...
#.. ... #.#
<... #@#
.....
#@###.....
#.........
##........
###........
#..........
#..........
#.......###
#.......#


You could see Edmund.


Message History

There is a stone staircase leading up here.
There is a stone staircase leading down here.
You climb downwards.
There is a stone staircase leading up here.
Okay, then.
Okay, then.
Okay, then.
You start removing your amulet.
You continue taking off your amulet of the acrobat. x4
You finish taking off your amulet of the acrobat.
You start putting on your amulet.
You continue putting on your amulet of regeneration. x5
You finish putting on your amulet of regeneration.
The amulet throbs as it attunes itself to your uninjured body.
g - an amulet of regeneration (around neck)
N - a ring of positive energy (left hand)
Okay, then.
As you read the scroll labelled HAXONK OMEI, it crumbles to dust.
It is a scroll of brand weapon.
You aren't carrying any weapons that can be branded.
As you read the scroll labelled NIUM VAGOJUCS, it crumbles to dust.
You feel strangely unstable.
It was a scroll of teleportation.
As you read the scroll labelled NUNOIN QOEMACAW, it crumbles to dust.
It is a scroll of enchant weapon.
You aren't carrying any weapons that can be enchanted.
Your surroundings suddenly seem different.
Edmund and a necrophage come into view.
Edmund is wielding a +2 vorpal dire flail.
Found a stone staircase leading up.
There are monsters nearby!
Unknown command.
There are monsters nearby!
There are monsters nearby!
Unknown command.
There are monsters nearby!
Unknown command.
There are monsters nearby!
Unknown command.
There are monsters nearby!
Casting: Foxfire (safe; 1% risk of failure)
Confirm with . or Enter, or press ? or * to list all spells.
You conjure some foxfire! 😎 MP[-1]
You lost 1 mp, and now have 16/17 mp.
Casting: Foxfire (safe; 1% risk of failure)
Confirm with . or Enter, or press ? or * to list all spells.
You conjure some foxfire!
The foxfire hits the necrophage!
The foxfire hits the necrophage but does no damage.
The foxfire hits the necrophage. x2 😎 MP[-1]
You lost 1 mp, and now have 15/17 mp.
Casting: Foxfire (safe; 1% risk of failure)
Confirm with . or Enter, or press ? or * to list all spells.
You conjure some foxfire!
The foxfire hits the necrophage. x2
Casting: Foxfire (safe; 1% risk of failure)
Confirm with . or Enter, or press ? or * to list all spells.
You conjure some foxfire!
The foxfire hits the necrophage. x2 😎 MP[-1]
You lost 1 mp, and now have 14/17 mp.
Casting: Foxfire (safe; 1% risk of failure)
Confirm with . or Enter, or press ? or * to list all spells.
Flames lash the necrophage.
You destroy the necrophage!
You hear a shout! 😎 MP[-2]
You lost 2 mp, and now have 12/17 mp. 😎 MP[+1]
A centaur comes into view.
The centaur moves out of view.
Edmund attacks as you move away!
Edmund hits you with a +2 vorpal dire flail.
Edmund gestures with his flail. 😕 HP[-6]
You take 6 damage, and now have 30/36 hp.
Edmund attacks as you move away! Edmund barely misses you. 😕 HP[+1]
Casting: Scorch (safe; 1% risk of failure)
Confirm with . or Enter, or press ? or * to list all spells.
The fire begins to smoulder!
Edmund hits you with a +2 vorpal dire flail. 😕 HP[-1] MP[-3]
You take 1 damage, and now have 30/36 hp.
You lost 3 mp, and now have 10/17 mp.
Casting: Conjure Flame (dangerous; 2% risk of failure)
Confirm with . or Enter, or press ? or * to list all spells.
The fire ignites!
You are engulfed in blazing flames.
Ouch! That really hurt!
* * * LOW HITPOINT WARNING * * *
Edmund hits you with a +2 vorpal dire flail.
* * * LOW HITPOINT WARNING * * *
x2 😱 HP[-22] MP[-2]
You take 22 damage, and now have 8/36 hp.
MASSIVE DAMAGE!! (PAUSE)
You lost 2 mp, and now have 8/17 mp.
Edmund attacks as you move away!
Edmund hits you with a +2 vorpal dire flail!
You die...

Skill      XL: |  1  2  3  4  5  6 |
---------------+-------------------+-----
Conjurations   | 2 3 4 5 |  5.6
Fire Magic     | 4 5 6 |  6.5
Spellcasting   | 4 5 |  5.5
Dodging        | |  2.4
Stealth        | |  2.4

Action                   |  1- 3 |  4- 6 |  7- 9 || total
-------------------------+-------+-------+-------++-------
Melee: Unarmed           |     6 |    18 |       ||    24
 Cast: Foxfire           |    52 |    81 |    15 ||   148
       Scorch            |    21 |    28 |     8 ||    57
       Conjure Flame     |       |       |     3 ||     3
  Use: Scroll            |     3 |     4 |     3 ||    10
Armor: Robe              |     7 |     5 |     1 ||    13
Dodge: Dodged            |    21 |    34 |     6 ||    61

Levels and vault maps discovered:
D:1:      dpeg_arrival_refuge, layout_basic, hangedman_feature_mirror
D:2:      layout_basic, basic_ecumenical_altar, chequers_serial_rivers_micro_a,
          uniq_jessica
D:3:      layout_loops_cross
D:4:      wad_pebble_path, layout_loops_ring, nemelex_diamond_rough_becter,
          nicolae_uskayaw_dance_hall, minmay_temple_entry_overgrown,
          serial_shops, nicolae_square_shop, uniq_blork_the_orc, uniq_natasha
D:5:      cheibrodos_two_vegetables, layout_loops_ring,
          mainiacjoe_overflow_24_doors, mainiacjoe_overflow_two_lobes,
          nicolae_overflow_squiral, minmay_manual_mail, uniq_edmund
Temple:   nicolae_temple_ecumenical_triangle

Notes
Turn   | Place    | Note
-------+----------+-------------------------------------------
     0 | D:1      | kae the Deep Elf Fire Elementalist began the quest for the
                  | Orb.
     0 | D:1      | Reached XP level 1. HP: 10/10 MP: 6/6
     0 | D:1      | magus.rc [v1.11.3]
   191 | D:1      | Reached XP level 2. HP: 15/15 MP: 5/8
   341 | D:1      | Learned a level 2 spell: Scorch
   452 | D:1      | Reached skill level 2 in Conjurations
   772 | D:1      | Reached XP level 3. HP: 19/19 MP: 4/9
  1061 | D:1      | Reached skill level 4 in Fire Magic
  1065 | D:1      | Learned a level 3 spell: Conjure Flame
  1864 | D:2      | Reached XP level 4. HP: 13/24 MP: 4/11
  2044 | D:2      | Found a faded altar of an unknown god.
  2165 | D:2      | Noticed Jessica
  2170 | D:2      | Killed Jessica
  2171 | D:2      | Reached skill level 3 in Conjurations
  2276 | D:2      | Reached skill level 4 in Spellcasting
  2873 | D:3      | Noticed a phantom
  2880 | D:3      | Killed a phantom
  2881 | D:3      | Reached skill level 5 in Fire Magic
  2881 | D:3      | Reached XP level 5. HP: 28/28 MP: 7/13
  3094 | D:3      | Reached skill level 4 in Conjurations
  3813 | D:4      | Noticed Natasha
  3814 | D:4      | Reached XP level 6. HP: 32/32 MP: 9/14
  3865 | D:4      | Killed Natasha
  3874 | D:4      | Noticed Natasha
  3878 | D:4      | Killed Natasha
  3890 | D:4      | Noticed Natasha
  3894 | D:4      | Killed Natasha
  3943 | D:4      | Found Alevyorua's Armour Boutique.
  3978 | D:4      | Reached skill level 5 in Spellcasting
  4046 | D:4      | Reached skill level 5 in Conjurations
  4046 | D:4      | Reached skill level 6 in Fire Magic
  4119 | D:4      | Reached XP level 7. HP: 36/36 MP: 12/16
  4153 | D:4      | Found a staircase to the Ecumenical Temple.
  4181 | D:4      | You add the spells Gell's Gravitas, Teleport Other and
                  | Dispersal to your library.
  4350 | Temple   | Entered the Ecumenical Temple
  4458 | D:4      | Found a hide-covered altar of Uskayaw.
  4460 | D:4      | Noticed Blork the orc
  4474 | D:4      | Killed Blork the orc
  4877 | D:4      | Found a sparkling altar of Nemelex Xobeh.
  4969 | D:5      | Entered Level 5 of the Dungeon
  4986 | D:5      | Noticed Edmund
  5006 | D:5      | HP: 9/36 [Edmund/+2 vorpal dire flail (2)]
  5007 | D:5      | Slain by Edmund

Vanquished Creatures
  A black bear (D:4)
  A phantom (D:3)
  A necrophage (D:5)
  Blork the orc (D:4)
  2 scorpions (D:4)
  A jelly (D:4)
  Jessica (D:2)
  Natasha (thrice) (D:4)
  4 adders
  An ufetubus (D:4)
  A worm (D:2)
  6 dart slugs
  4 orcs (D:3)
  13 endoplasms
  4 giant cockroaches
  9 goblins
  6 hobgoblins
  9 jackals
  6 quokkas
  7 ball pythons
  8 bats
  5 frilled lizards
  6 kobolds
  3 rats
103 creatures vanquished.

Vanquished Creatures (others)
  253 foxfires
253 creatures vanquished.

Grand Total: 356 creatures vanquished

Table legend:
 A = Non-vault XP
 B = Vault XP
 C = Vault XP percentage of total XP
 D = Non-vault monster count
 E = Vault monster count
 F = Vault count percentage of total count
                 A         B        C        D         E       F
            +---------+---------+-------+---------+---------+-------
      Total |     837 |     159 |  16.0 |     100 |       3 |   2.9
            +---------+---------+-------+---------+---------+-------
        D:1 |      62 |       0 |   0.0 |      33 |       0 |   0.0
        D:2 |      80 |      37 |  31.6 |      27 |       1 |   3.6
        D:3 |     164 |       0 |   0.0 |      24 |       0 |   0.0
        D:4 |     438 |     122 |  21.8 |      15 |       2 |  11.8
        D:5 |      93 |       0 |   0.0 |       1 |       0 |   0.0
            +---------+---------+-------+---------+---------+-------

Illustrated notes

Table legend:
 A = Kills in this place as a percentage of kills in entire the game.
 B = Kills by you in this place as a percentage of kills by you in the entire game.
 C = Kills by friends in this place as a percentage of kills by friends in the entire game.
 D = Other kills in this place as a percentage of other kills in the entire game.
 E = Experience gained in this place as a percentage of experience gained in the entire game.
 F = Experience gained in this place divided by the number of levels of this place that you have seen.
                   A       B       C       D       E      F
               +-------+-------+-------+-------+-------+----------------------
         Total | 100.0 | 100.0 |   N/A |   N/A | 100.0 | 166.0
       Dungeon | 100.0 | 100.0 |   N/A |   N/A | 100.0 | 199.2
               +-------+-------+-------+-------+-------+----------------------

Table legend: (Time is in decaauts)
 A = Elapsed time spent in this place.
 B = Non-inter-level travel time spent in this place.
 C = Inter-level travel time spent in this place.
 D = Time resting spent in this place.
 E = Time spent auto-exploring this place.
 F = Levels seen in this place.
 G = Mean time per level.
                   A        B        C        D        E       F      G
               +--------+--------+--------+--------+--------+-----+--------+
         Total |   5007 |   4775 |    232 |     54 |   3990 |   6 |  834.5 |
       Dungeon |   4959 |   4733 |    226 |     54 |   3964 |   5 |  991.8 |
        Temple |     47 |     42 |      5 |      0 |     26 |   1 |   47.0 |
               +--------+--------+--------+--------+--------+-----+--------+

Top non-repeatable levels by time:
     D:1: 1487 daAuts
     D:2: 1244 daAuts
     D:3: 1122 daAuts
     D:4: 1068 daAuts
  Temple: 47 daAuts
     D:5: 37 daAuts
